 Dungeon Crawl Stone Soup version 0.31-a0-152-g6aa68a64a1 (webtiles) character file.

Game seed: 10109389798981139791

141 Midn8 the Ruffian (level 5, -10/34 (41) HPs)
             Began as a Draconian Reaver on June 11, 2023.
             Mangled by Crazy Yiuf
             ... wielding a +4 quarterstaff of chaos
              (19 damage)
             ... on level 2 of the Dungeon.
             The game lasted 00:03:12 (2204 turns).

Midn8 the Ruffian (Draconian Reaver)                Turns: 2204, Time: 00:03:13

HP:   -10/34 (41)   AC:  8    Str: 14    XL:     5   Next: 3%
MP:   6/8           EV: 12    Int: 13    God:
Gold: 115           SH:  0    Dex: 12    Spells: 5/8 levels left

rFire   . .          .
                       - Unarmed
rCold   . . .        (no shield)
rNeg    . . .        (body armour unavailable)
rPois   .            (helmet restricted)
rElec   .            (no cloak)
rCorr   .            g - +2 pair of gloves
SInv    .            (no boots)
Will    .....        (no amulet)
Stlth   +            (no ring)
HPRegen 0.25/turn    (no ring)
MPRegen 0.11/turn

%: no passive effects
@: very slightly contaminated, heavily drained
A: AC +5, unfitting armour, cold-blooded
a: no special abilities


You were on level 2 of the Dungeon.
You visited 1 branch of the dungeon, and saw 2 of its levels.

You collected 115 gold pieces.

Inventory:

Missiles
 f - 3 poisoned darts
Armour
 g - a +2 pair of gloves (worn)
Scrolls
 a - 3 scrolls of identify {unknown}
 b - a scroll of blinking {unknown}
 c - a scroll of poison {unknown}
Potions
 d - a potion of resistance {unknown}
 e - a potion of berserk rage {unknown}
 h - a potion of curing {unknown}


   Skills:
 - Level 2.1 Fighting
 - Level 1.7 Dodging
 + Level 5.8 Unarmed Combat
 - Level 2.0 Spellcasting
 - Level 3.0 Conjurations


You had 5 spell levels left.
You knew the following spells:

 Your Spells              Type           Power      Damage    Failure   Level
a - Kiss of Death         Conj/Necr      20%        2d7       14%         1
s - Momentum Strike       Conj/Tloc      10%        3d8       21%         2

Your spell library contained the following spells:

 Spells                   Type           Power      Damage    Failure   Level
 Ensorcelled Hibernation  Hex/Ice        2%         N/A       36%         2
 Passwall                 Tmut/Erth      0%         N/A       36%         2
 Hailstorm                Conj/Ice       5%         3d4       38%         3
 Swiftness                Air            1%         N/A       58%         3


Dungeon Overview and Level Annotations

Branches:
Dungeon (2/15)

Altars:

Annotations:
D:2 Crazy Yiuf


Innate Abilities, Weirdness & Mutations

Your plain brown scales are hard. (AC +5)
You cannot fit into any form of body armour.
You are cold-blooded and may be slowed by cold attacks.


Message History

You have reached level 5!
You see here a +0 hammer.
Crazy Yiuf shouts!
Could not explore, unopened runed door.
Press: ? - help, v - describe, . - travel
Here: Crazy Yiuf, wielding a +4 quarterstaff of chaos and wearing a +0 cloak (fire blocked by a runed translucent door)
The floor.
As you open the door, it creaks loudly!
Crazy Yiuf flaps his cloak.
Casting: Kiss of Death (safe; 14% risk of failure)
Confirm with . or Enter, or press ? or * to list all spells.
Aiming: Kiss of Death (safe; 14% risk of failure)
Press: ? - help, Shift-Dir - straight line, f - Crazy Yiuf
Aim: Crazy Yiuf, wielding a +4 quarterstaff of chaos and wearing a +0 cloak (100% to hit)
You miscast Kiss of Death.
You are very lightly contaminated with residual magic.
Nothing appears to happen.
Crazy Yiuf hits you with a +4 quarterstaff of chaos!
Crazy Yiuf burns you.
Casting: Kiss of Death (safe; 14% risk of failure)
Confirm with . or Enter, or press ? or * to list all spells.
Aiming: Kiss of Death (safe; 14% risk of failure)
Press: ? - help, Shift-Dir - straight line, f/p - Crazy Yiuf
Aim: Crazy Yiuf, wielding a +4 quarterstaff of chaos and wearing a +0 cloak (100% to hit)
The negative energy hits Crazy Yiuf!
Crazy Yiuf is drained!
Crazy Yiuf is severely wounded.
You feel drained.
Crazy Yiuf hits you with a +4 quarterstaff of chaos.
Crazy Yiuf freezes you.
You hit Crazy Yiuf.
Your tail-slap misses Crazy Yiuf.
Crazy Yiuf is almost dead.
Crazy Yiuf hits you with a +4 quarterstaff of chaos.
Crazy Yiuf freezes you.
You closely miss Crazy Yiuf.
Crazy Yiuf is almost dead.
Crazy Yiuf hits you with a +4 quarterstaff of chaos.
* * * LOW HITPOINT WARNING * * *
You are electrocuted!!
Ouch! That really hurt!
You die...

P...............##.........#...>.
.##'######.#.#+###.....##..######
.#....# #......##.....##..#.#...
.#....###################..#.#...
.........# #........ .##'######
#..#.#... .##......# ###
♣♣##........ .##..##### #)..#♣♣
♣♣P.#........ .#.......#
#...g@♣♣♣♣PP.......... .##..#####
#...#♣..♣.♣P)...###... .##..# ###
♣♣♣.♣..)#........ .##..#
♣♣♣♣♣##........ .##..# #........
.....# ######## ###........
.##..#####.#....# #.#..###..#
.##.............# #.#..###..#
.###.#####.#....# #.#........


You could see Crazy Yiuf (very drained).

Vanquished Creatures
  Natasha (thrice) (D:2)
  3 adders (D:2)
  A dart slug (D:2)
  5 endoplasms
  6 giant cockroaches
  A goblin (D:2)
  3 hobgoblins (D:1)
  A jackal (D:1)
  3 kobolds
  3 ball pythons
  4 bats
  2 frilled lizards (D:2)
  3 rats
38 creatures vanquished.

Notes
Turn   | Place    | Note
-------+----------+-------------------------------------------
     0 | D:1      | Midn8 the Draconian Reaver began the quest for the Orb.
     0 | D:1      | Reached XP level 1. HP: 17/17 MP: 3/3
   129 | D:1      | Reached XP level 2. HP: 22/24 MP: 5/5
   617 | D:1      | Reached skill level 4 in Unarmed Combat
   641 | D:1      | Found a faded altar of an unknown god.
  1066 | D:2      | Reached XP level 3. HP: 29/29 MP: 6/6
  1111 | D:2      | Noticed Natasha
  1118 | D:2      | Killed Natasha
  1470 | D:2      | Learned a level 2 spell: Momentum Strike
  1522 | D:2      | Reached skill level 5 in Unarmed Combat
  1522 | D:2      | Reached XP level 4. HP: 25/36 MP: 7/7
  1752 | D:2      | Noticed Natasha
  1755 | D:2      | Killed Natasha
  2093 | D:2      | Found a runed translucent door.
  2094 | D:2      | Noticed Crazy Yiuf
  2126 | D:2      | Noticed Natasha
  2133 | D:2      | Killed Natasha
  2134 | D:2      | Reached XP level 5. HP: 38/41 MP: 8/8
  2204 | D:2      | Mangled by Crazy Yiuf

Illustrated notes

Levels and vault maps discovered:
D:1:      erik_arrival_cave_to_civilisation [erik_arrival_cave_to_hall],
          layout_basic, hellmonk_ecumenical_altar_lost_god, minivault_26
D:2:      layout_basic, serial_bayou, serial_bayou_pond_c, serial_bayou_shore_b,
          serial_bayou_crossing, serial_bayou_ford_a, grunt_ministairs_3,
          uniq_crazy_yiuf_cottage, uniq_natasha

Skill      XL: |  1  2  3 |
---------------+----------+-----
Unarmed Combat | 4 5 |  5.8
Fighting       | |  2.1
Dodging        | |  1.7
Spellcasting   | |  2.0
Conjurations   | |  3.0

Action                     |  1- 3 |  4- 6 || total
---------------------------+-------+-------++-------
  Melee: Unarmed           |    96 |    33 ||   129
         Tailslap          |     8 |     5 ||    13
         Punch             |     3 |     1 ||     4
   Cast: Kiss of Death     |     1 |     2 ||     3
 Armour: Skin              |    32 |     9 ||    41
  Dodge: Dodged            |    60 |    17 ||    77

Table legend: (Time is in decaauts)
 A = Elapsed time spent in this place.
 B = Non-inter-level travel time spent in this place.
 C = Inter-level travel time spent in this place.
 D = Time resting spent in this place.
 E = Time spent auto-exploring this place.
 F = Levels seen in this place.
 G = Mean time per level.
                   A        B        C        D        E       F      G
               +--------+--------+--------+--------+--------+-----+--------+
         Total |   2214 |   2087 |    127 |    151 |   1609 |   2 | 1107.0 |
       Dungeon |   2214 |   2087 |    127 |    151 |   1609 |   2 | 1107.0 |
               +--------+--------+--------+--------+--------+-----+--------+

Top non-repeatable levels by time:
     D:2: 1253 daAuts
     D:1: 961 daAuts
